 Dungeon Crawl Stone Soup version 0.19.5 (webtiles) character file.

199 sveltemanboy the Bolt Thrower (level 5, 0/26 HPs)
             Began as a Vine Stalker Hunter on Mar 10, 2017.
             Was a Believer of Vehumet.
             Slain by a sky beast (5 damage)
             ... on level 4 of the Dungeon.
             The game lasted 00:06:28 (2392 turns).

sveltemanboy the Bolt Thrower (Vine Stalker Hunter) Turns: 2392, Time: 00:06:28

Health: 0/26       AC:  5    Str: 14    XL:     5   Next: 77%
Magic:  0/9        EV: 12    Int: 12    God:    Vehumet [**....]
Gold:   88         SH:  0    Dex: 15    Spells: 2 memorised, 5 levels left

rFire  . . .     SeeInvis .     a - +1 hand crossbow
rCold  . . .     Gourm    .     o - +0 robe
rNeg   . . .     Faith    .     (no shield)
rPois  .         Spirit   +     i - +2 hat
rElec  .         Reflect  .     (no cloak)
rCorr  .         Harm     .     m - +0 pair of gloves
MR     .....                    (no boots)
Stlth  ++........               (no amulet)
                                (no ring)
                                p - ring of flight

@: very slightly contaminated
A: fangs 2, regeneration 1, magic shield, antimagic bite, no device heal 3, rot
immunity
a: Renounce Religion, Evoke Flight


You were on level 4 of the Dungeon.
You worshipped Vehumet.
Vehumet was pleased with you.
You were hungry.

You visited 1 branch of the dungeon, and saw 4 of its levels.

You collected 88 gold pieces.

Inventory:

Hand Weapons
 a - a +1 hand crossbow (weapon)
 b - a +0 short sword
 e - a +0 long sword
Missiles
 d - 10 bolts (quivered)
Armour
 i - a +2 hat (worn)
 m - a +0 pair of gloves (worn)
 o - a +0 robe (worn)
Jewellery
 p - a ring of flight (left hand)
Scrolls
 q - a scroll of remove curse
Potions
 j - a potion of agility {unknown}
 k - 2 potions of curing {unknown}
 s - a potion of brilliance
Comestibles
 c - 3 meat rations
 f - 4 bread rations
 g - 4 fruits


   Skills:
 - Level 2.1 Fighting
 - Level 3.8 Crossbows
 - Level 1.0 Armour
 - Level 1.7 Dodging
 - Level 1.2 Stealth
 - Level 2.3 Spellcasting
 * Level 3.6 Conjurations
 + Level 0.2 Poison Magic


You had 5 spell levels left.
You knew the following spells:

 Your Spells              Type           Power        Failure   Level  Hunger
a - Sting                 Conj/Pois      #...         14%         1    ##.....
b - Searing Ray           Conj           ##....       12%         2    ###....


Dungeon Overview and Level Annotations

Branches:
Dungeon (4/15)
 Temple: D:4-7

Altars:
Ashenzari
Dithmenos
Qazlal
Vehumet
Yredelemnul


Innate Abilities, Weirdness & Mutations

You have extremely sharp teeth.
Your natural rate of healing is unusually fast.
When hurt, damage is shared between your health and your magic reserves.
Your bite disrupts and absorbs the magic of your enemies.
Potions and wands cannot restore your health.
You are immune to rotting.


Message History

Deactivating autopickup; reactivate with Ctrl-A.
Something hits you but does no damage.
The searing ray hits something.
Something hits you but does no damage.
The searing ray hits something.
Something hits you. Something shocks you.
The searing ray hits something.
You finish channeling your searing ray.
Something hits you. Something shocks you.
Firing (i - inventory):
d - 13 bolts (quivered)
Press: ? - help, Shift-Dir - straight line You shoot a bolt.
Something hits you but does no damage. Something barely misses you.
Firing (i - inventory):
d - 12 bolts (quivered)
Press: ? - help, Shift-Dir - straight line You shoot a bolt.
Something hits you. Something shocks you.
* * * LOW HITPOINT WARNING * * *
Firing (i - inventory):
d - 11 bolts (quivered)
Press: ? - help, Shift-Dir - straight line You shoot a bolt.
Something hits you.
* * * LOW HITPOINT WARNING * * *
Something shocks you.
You die...

#.#.....#######
#.[.....#
#.......#
#...(...#
#.......#
#.......#
#.......#
#.#[#.#..##
.......@..#
###.##.{###
......>.
.......##
........#
........#
........#
......((#


There were no monsters in sight!

Vanquished Creatures
  The ghost of vatarom the Gusty, an amateur TeAE (D:3)
  A centaur skeleton (D:3)
  5 adders (D:2)
  4 worms
  2 dart slugs
  A leopard gecko (D:3)
  2 ball pythons (D:3)
  6 bats
  A giant cockroach (D:1)
  5 goblins
  6 hobgoblins
  4 kobolds
  2 frilled lizards (D:1)
  7 rats
  A spectral orc (D:2)
48 creatures vanquished.

Notes
Turn   | Place    | Note
-------+----------+-------------------------------------------
     0 | D:1      | sveltemanboy the Vine Stalker Hunter began the quest for the Orb.
     0 | D:1      | Reached XP level 1. HP: 11/11 MP: 2/2
   322 | D:1      | Reached XP level 2. HP: 15/15 MP: 3/3
   666 | D:1      | Reached skill level 1 in Armour
   970 | D:2      | Found a faded altar of an unknown god.
   991 | D:2      | Reached XP level 3. HP: 18/18 MP: 4/4
   995 | D:2      | Became a worshipper of Vehumet
   995 | D:2      | Reached * piety under Vehumet
   995 | D:2      | Offered knowledge of Sting by Vehumet.
   998 | D:2      | Learned a level 1 spell: Sting
  1132 | D:2      | Reached skill level 1 in Conjurations
  1146 | D:2      | Found a shattered altar of Ashenzari.
  1155 | D:2      | Reached skill level 1 in Spellcasting
  1222 | D:2      | Gained mutation: Your natural rate of healing is unusually fast. [Vine Stalker growth]
  1222 | D:2      | Reached XP level 4. HP: 17/23 MP: 6/6
  1523 | D:2      | Found a basalt altar of Yredelemnul.
  1656 | D:3      | Found a stormy altar of Qazlal.
  1662 | D:3      | Found a shadowy altar of Dithmenos.
  1729 | D:3      | Reached XP level 5. HP: 22/26 MP: 8/8
  1747 | D:3      | Offered knowledge of Searing Ray by Vehumet.
  1751 | D:3      | Learned a level 2 spell: Searing Ray
  1751 | D:3      | Reached ** piety under Vehumet
  1978 | D:3      | Noticed vatarom's ghost (amateur TeAE)
  1989 | D:3      | Killed vatarom's ghost
  2380 | D:4      | Noticed a sky beast
  2392 | D:4      | Slain by a sky beast

Skill      XL: |  1  2  3  4  5 |
---------------+----------------+-----
Armour         | 1 |  1.0
Fighting       | 2 |  2.1
Conjurations   | 1 2 3 |  3.6
Spellcasting   | 1 2 |  2.3
Crossbows      | |  3.8
Dodging        | |  1.7
Stealth        | |  1.2
Poison Magic   | |  0.2

Action                   |  1- 3 |  4- 6 || total
-------------------------+-------+-------++-------
Melee: Short sword       |    45 |       ||    45
       Bite              |    12 |       ||    12
 Fire: Hand crossbow     |    27 |    47 ||    74
 Cast: Sting             |     1 |     3 ||     4
       Searing Ray       |       |     3 ||     3
  Use: Scroll            |       |     6 ||     6
  Eat: Chunk             |     1 |     3 ||     4
Armor: Leather armour    |     6 |       ||     6
       Ring mail         |    16 |       ||    16
       Robe              |     1 |     5 ||     6
Dodge: Dodged            |    28 |     6 ||    34
